HSSL
GRAND RAPIDS HS SUMMIT @ BROOKLINE HS WARRIORS
04/05/2029
 
TOP OF THE 1ST
Grand Rapids HS Summit batting - Pitching for Brookline HS Warriors : RHP Kelly Rhoads
Pitching: RHP Kelly Rhoads
Batting: LHB Harry Adams 0-0: Ball
1-0: SINGLE (Flyball, 78S)
Batting: RHB Julián Maez 0-0: Ball
1-0: Ball
2-0: Ball
3-0: Called Strike
3-1: Foul Ball, location: 2F
3-2: Strikes out swinging
Batting: RHB Tyler Long 0-0: SINGLE (Line Drive, 8RS)
Harry Adams to second
Batting: RHB Harry Wade 0-0: Foul Ball, location: 2F
0-1: Ball
1-1: Foul Ball, location: 2F
1-2: Grounds into double play, 5-4-3 (Groundball, 56)
Top of the 1st over - 0 runs, 2 hits, 0 errors, 1 left on base; Grand Rapids HS 0 - Brookline HS 0
BOTTOM OF THE 1ST
Brookline HS Warriors batting - Pitching for Grand Rapids HS Summit : LHP Greg Kennedy
Pitching: LHP Greg Kennedy
Batting: RHB Travis Kramer 0-0: Ball
1-0: Ball
2-0: Ball
3-0: Base on Balls
Batting: RHB John Warren 0-0: Ball
1-0: SINGLE (Groundball, 6D)
Travis Kramer to second
Runner from 2nd tries for 3rd, OUT!
Now in CF: Fernando Ávila
Batting: RHB Raúl Rivera 0-0: Ground out U3 (Groundball, 34S)
John Warren to second
Batting: RHB León Colón 0-0: Ball
1-0: Ball
2-0: Ball
3-0: Base on Balls
Batting: RHB Bobby Donahue 0-0: Fly out, F9 (Flyball, 9LSF)
Bottom of the 1st over - 0 runs, 1 hit, 0 errors, 2 left on base; Grand Rapids HS 0 - Brookline HS 0
TOP OF THE 2ND
Grand Rapids HS Summit batting - Pitching for Brookline HS Warriors : RHP Kelly Rhoads
Batting: LHB Daniel Orozco 0-0: Foul Ball, location: 2F
0-1: SOLO HOME RUN (Flyball, 9D), Distance : 388 ft
Batting: RHB Rob Walker 0-0: DOUBLE (Flyball, 8LD)
Batting: RHB Ted Morgan 0-0: Foul Ball, location: 2F
0-1: Ball
1-1: Ball
2-1: Foul Ball, location: 2F
2-2: Strikes out swinging
Batting: RHB José González 0-0: DOUBLE (Line Drive, 7LM)
Rob Walker scores
Batting: LHB Martin Greene 0-0: Ball
1-0: Called Strike
1-1: Foul Ball, location: 2F
1-2: Ball
2-2: Ball
3-2: Foul Ball, location: 2F
3-2: Strikes out swinging
Batting: LHB Fernando Ávila 0-0: Foul Ball, location: 2F
0-1: Foul Ball, location: 2F
0-2: Ground out 1-3 (Groundball, 15S)
Top of the 2nd over - 2 runs, 3 hits, 0 errors, 1 left on base; Grand Rapids HS 2 - Brookline HS 0
BOTTOM OF THE 2ND
Brookline HS Warriors batting - Pitching for Grand Rapids HS Summit : LHP Greg Kennedy
Batting: RHB Gilbert Bentley 0-0: Called Strike
0-1: Called Strike
0-2: Ground out 6-3 (Groundball, 6)
Batting: RHB Michael Mossman 0-0: Swinging Strike
0-1: Swinging Strike
0-2: Ball
1-2: Ball
2-2: Ball
3-2: Base on Balls
Batting: LHB Lou Robinson 0-0: Hit by Pitch
Michael Mossman to second
Batting: RHB Cole Gray 0-0: Called Strike
0-1: Foul Ball, location: 2F
0-2: Strikes out swinging
Batting: RHB Travis Kramer 0-0: Foul Ball, location: 2F
0-1: Called Strike
0-2: Ball
1-2: Foul Ball, location: 2F
1-2: Foul Ball, location: 2F
1-2: Fly out, F9 (Flyball, 9S)
Bottom of the 2nd over - 0 runs, 0 hits, 0 errors, 2 left on base; Grand Rapids HS 2 - Brookline HS 0
TOP OF THE 3RD
Grand Rapids HS Summit batting - Pitching for Brookline HS Warriors : RHP Kelly Rhoads
Batting: RHB Julián Maez 0-0: Foul Ball, location: 2F
0-1: Called Strike
0-2: Ball
1-2: Foul Ball, location: 2F
1-2: Strikes out swinging
Batting: RHB Tyler Long 0-0: Ball
1-0: Ground out U3 (Groundball, 3)
Batting: RHB Harry Wade 0-0: Called Strike
0-1: Ball
1-1: Foul Ball, location: 2F
1-2: Foul Ball, location: 2F
1-2: DOUBLE (Line Drive, 9D)
Batting: LHB Daniel Orozco 0-0: Ball
1-0: Ball
2-0: SINGLE (Line Drive, 9S)
Harry Wade to third
Runner from 3rd tries for Home, SAFE, throw made home
Batting: RHB Rob Walker 0-0: SINGLE (Groundball, 5S) (infield hit)
Daniel Orozco to second
Batting: RHB Ted Morgan 0-0: Called Strike
0-1: Ball
1-1: Foul Ball, location: 2F
1-2: Foul Ball, location: 2F
1-2: Strikes out swinging
Top of the 3rd over - 1 run, 3 hits, 0 errors, 2 left on base; Grand Rapids HS 3 - Brookline HS 0
BOTTOM OF THE 3RD
Brookline HS Warriors batting - Pitching for Grand Rapids HS Summit : LHP Greg Kennedy
Batting: RHB John Warren 0-0: Called Strike
0-1: Hit by Pitch
Batting: RHB Raúl Rivera 0-0: Ball
1-0: Ball
2-0: Foul Ball, location: 2F
2-1: Swinging Strike
2-2: Strikes out swinging
Batting: RHB León Colón 0-0: Ball
1-0: Ball
2-0: Foul Ball, location: 2F
2-1: Swinging Strike
2-2: Ball
3-2: Foul Ball, location: 2F
3-2: SINGLE (Groundball, 56D)
John Warren to second
Batting: RHB Bobby Donahue 0-0: Called Strike
0-1: Reached on error, E6 (Groundball, 6)
John Warren to third
León Colón to second
Batting: RHB Gilbert Bentley 0-0: DOUBLE (Groundball, 5L)
John Warren scores
León Colón scores
Bobby Donahue to third
Batting: RHB Michael Mossman 0-0: SINGLE (Groundball, 34S) (infield hit)
Bobby Donahue scores
Gilbert Bentley to third
Batting: LHB Lou Robinson 0-0: Ball
Wild Pitch!
Gilbert Bentley scores
Michael Mossman to second
1-0: Swinging Strike
1-1: Ball
2-1: Foul Ball, location: 2F
2-2: Ball
3-2: Base on Balls
Batting: RHB Cole Gray 0-0: Called Strike
0-1: Ground out 5-3 (Groundball, 56S)
Michael Mossman to third
Lou Robinson to second
Batting: RHB Travis Kramer 0-0: Ball
Wild Pitch!
Michael Mossman scores
Lou Robinson to third
1-0: Ball
2-0: Ground out 6-3 (Groundball, 6)
Bottom of the 3rd over - 5 runs, 3 hits, 1 error, 1 left on base; Grand Rapids HS 3 - Brookline HS 5
TOP OF THE 4TH
Grand Rapids HS Summit batting - Pitching for Brookline HS Warriors : RHP Kelly Rhoads
Batting: RHB José González 0-0: Called Strike
0-1: Called Strike
0-2: Ball
1-2: Ball
2-2: Ball
3-2: Base on Balls
Batting: LHB Martin Greene 0-0: Ball
Wild Pitch!
José González to second
1-0: Ball
2-0: SINGLE (Groundball, 6D)
José González to third
Batting: LHB Fernando Ávila 0-0: Ball
1-0: Ball
2-0: Ground out U3 (Groundball, 34)
Martin Greene to second
Batting: RHB Julián Maez 0-0: Ball
1-0: Single, Error in OF, E7, batter to second base
José González scores
Martin Greene scores
Batting: RHB Tyler Long 0-0: Called Strike
0-1: Called Strike
0-2: Ball
1-2: Reached on error, E6 (Groundball, 6)
Julián Maez to third
Pitching: RHP Alberto García
Batting: RHB Harry Wade 0-0: Called Strike
0-1: Ball
1-1: Ball
2-1: Called Strike
2-2: Strikes out swinging
Batting: LHB Daniel Orozco 0-0: Called Strike
0-1: Foul Ball, location: 2F
0-2: Strikes out looking
Top of the 4th over - 2 runs, 2 hits, 2 errors, 2 left on base; Grand Rapids HS 5 - Brookline HS 5
BOTTOM OF THE 4TH
Brookline HS Warriors batting - Pitching for Grand Rapids HS Summit : LHP Greg Kennedy
Batting: RHB John Warren 0-0: Swinging Strike
0-1: Foul Ball, location: 2F
0-2: Foul Ball, location: 2F
0-2: Ball
1-2: Ball
2-2: Foul Ball, location: 2F
2-2: Ball
3-2: Base on Balls
Batting: RHB Raúl Rivera 0-0: Called Strike
0-1: Foul Ball, location: 2F
0-2: Strikes out swinging
Batting: RHB León Colón 0-0: Called Strike
0-1: SINGLE (Flyball, 89M)
John Warren to second
Runner from 2nd tries for 3rd, SAFE, throw made to third
Batting: RHB Bobby Donahue 0-0: Called Strike
0-1: Ball
1-1: Grounds into double play, 4-6-3 (Groundball, 4)
Bottom of the 4th over - 0 runs, 1 hit, 0 errors, 1 left on base; Grand Rapids HS 5 - Brookline HS 5
TOP OF THE 5TH
Grand Rapids HS Summit batting - Pitching for Brookline HS Warriors : RHP Alberto García
Batting: RHB Rob Walker 0-0: Swinging Strike
0-1: Ball
1-1: Ball
2-1: Ground out U3 (Groundball, 3)
Batting: RHB Ted Morgan 0-0: Swinging Strike
0-1: Ball
1-1: Reached on error, E9 (Flyball, 9S)
Batting: RHB José González 0-0: Ball
1-0: Ball
2-0: Ball
3-0: Called Strike
3-1: Called Strike
3-2: Foul Ball, location: 2F
3-2: Strikes out swinging
Batting: LHB Martin Greene 0-0: Ball
1-0: Ball
2-0: Ball
3-0: Base on Balls
Ted Morgan to second
Batting: LHB Fernando Ávila 0-0: Called Strike
0-1: Ball
1-1: Foul Ball, location: 2F
1-2: Ground out U3 (Groundball, 3)
Top of the 5th over - 0 runs, 0 hits, 1 error, 2 left on base; Grand Rapids HS 5 - Brookline HS 5
BOTTOM OF THE 5TH
Brookline HS Warriors batting - Pitching for Grand Rapids HS Summit : LHP Greg Kennedy
Batting: RHB Gilbert Bentley 0-0: Called Strike
0-1: Ball
1-1: Swinging Strike
1-2: Strikes out looking
Pitching: RHP Jesús Betancourt
Batting: RHB Michael Mossman 0-0: Ball
1-0: Ball
2-0: Reached on error, E6 (Groundball, 6M)
Batting: LHB Lou Robinson 0-0: Ball
1-0: SINGLE (Line Drive, 8RS)
Michael Mossman to second
Batting: RHB Cole Gray 0-0: Called Strike
0-1: Ball
1-1: Foul Ball, location: 2F
1-2: Ball
2-2: Fielders Choice at 2nd, 6-4 (Groundball, 6)
Michael Mossman to third
Batting: RHB Travis Kramer 0-0: Ball
1-0: Ball
2-0: Called Strike
2-1: Foul Ball, location: 2F
2-2: Foul Ball, location: 2F
2-2: Fly out, F7 (Flyball, 7S)
Bottom of the 5th over - 0 runs, 1 hit, 1 error, 2 left on base; Grand Rapids HS 5 - Brookline HS 5
TOP OF THE 6TH
Grand Rapids HS Summit batting - Pitching for Brookline HS Warriors : RHP Alberto García
Batting: RHB Julián Maez 0-0: Called Strike
0-1: Ball
1-1: Foul Ball, location: 2F
1-2: Foul Ball, location: 2F
1-2: Ball
2-2: Foul Ball, location: 2F
2-2: Ground out 6-3 (Groundball, 6)
Batting: RHB Tyler Long 0-0: Called Strike
0-1: Foul Ball, location: 2F
0-2: Strikes out swinging
Batting: RHB Harry Wade 0-0: Ball
1-0: Swinging Strike
1-1: Ball
2-1: Called Strike
2-2: Foul Ball, location: 2F
2-2: Ball
3-2: Foul Ball, location: 2F
3-2: Strikes out swinging wild pitch, reaches first!
Batting: LHB Daniel Orozco 0-0: Foul Ball, location: 2F
0-1: Ball
1-1: Ball
2-1: Called Strike
2-2: Ball
3-2: Base on Balls
Harry Wade to second
Pitching: RHP Jim Taylor
Batting: RHB Rob Walker 0-0: Ball
1-0: Ball
2-0: Called Strike
2-1: Ball
3-1: Fielders Choice at 2nd, 6-4 (Groundball, 6)
Top of the 6th over - 0 runs, 0 hits, 0 errors, 2 left on base; Grand Rapids HS 5 - Brookline HS 5
BOTTOM OF THE 6TH
Brookline HS Warriors batting - Pitching for Grand Rapids HS Summit : RHP Jesús Betancourt
Batting: RHB John Warren 0-0: Ball
1-0: Ball
2-0: Swinging Strike
2-1: Ground out U3 (Groundball, 34S)
Batting: RHB Raúl Rivera 0-0: Ground out 4-3 (Groundball, 4)
Batting: RHB León Colón 0-0: Ball
1-0: Ball
2-0: Called Strike
2-1: Ball
3-1: Foul Ball, location: 2F
3-2: Ground out 6-3 (Groundball, 6)
Bottom of the 6th over - 0 runs, 0 hits, 0 errors, 0 left on base; Grand Rapids HS 5 - Brookline HS 5
TOP OF THE 7TH
Grand Rapids HS Summit batting - Pitching for Brookline HS Warriors : RHP Jim Taylor
Batting: RHB Ted Morgan 0-0: Called Strike
0-1: SINGLE (Groundball, 5D)
Batting: RHB José González 0-0: Sac Bunt - play at first, batter OUT! 1-4
Ted Morgan to second
Pitching: LHP George Johnson
Batting: LHB Martin Greene 0-0: Foul Ball, location: 2F
0-1: Ball
1-1: Ball
2-1: Fly out, F7 (Flyball, 7LS)
Batting: LHB Fernando Ávila 0-0: Called Strike
0-1: Ball
1-1: Foul Ball, location: 2F
1-2: Ball
2-2: Foul Ball, location: 2F
2-2: Ball
3-2: 2-RUN HOME RUN (Flyball, 9D), Distance : 391 ft
Pitching: RHP Don Hayes
Batting: RHB Julián Maez 0-0: Called Strike
0-1: Swinging Strike
0-2: Strikes out looking
Top of the 7th over - 2 runs, 2 hits, 0 errors, 0 left on base; Grand Rapids HS 7 - Brookline HS 5
BOTTOM OF THE 7TH
Brookline HS Warriors batting - Pitching for Grand Rapids HS Summit : RHP Jesús Betancourt
Pitching: RHP Robert Turner
Batting: RHB Bobby Donahue 0-0: Ball
1-0: Ball
2-0: Foul Ball, location: 2F
2-1: Ball
3-1: Swinging Strike
3-2: Strikes out looking
Batting: RHB Gilbert Bentley 0-0: Ball
1-0: Swinging Strike
1-1: Ball
2-1: Foul Ball, location: 2F
2-2: Ball
3-2: Fly out, F8 (Flyball, 8RD)
Batting: RHB Michael Mossman 0-0: Swinging Strike
0-1: Ball
1-1: Ball
2-1: Foul Ball, location: 2F
2-2: SINGLE (Line Drive, 78M)
Pitching: RHP Joe Metcalf
Batting: LHB Lou Robinson 0-0: Ball
1-0: Ground out 1-3 (Groundball, 15S)
Bottom of the 7th over - 0 runs, 1 hit, 0 errors, 1 left on base; Grand Rapids HS 7 - Brookline HS 5
TOP OF THE 8TH
Grand Rapids HS Summit batting - Pitching for Brookline HS Warriors : RHP Don Hayes
Batting: RHB Tyler Long 0-0: Foul Ball, location: 2F
0-1: Foul Ball, location: 2F
0-2: Hit by Pitch
Batting: RHB Harry Wade 0-0: Ball
1-0: Called Strike
1-1: Ball
2-1: Grounds into double play, 6-4-3 (Groundball, 6)
Batting: LHB Daniel Orozco 0-0: Swinging Strike
0-1: Swinging Strike
0-2: Foul Ball, location: 2F
0-2: Ball
1-2: Strikes out swinging
Top of the 8th over - 0 runs, 0 hits, 0 errors, 0 left on base; Grand Rapids HS 7 - Brookline HS 5
BOTTOM OF THE 8TH
Brookline HS Warriors batting - Pitching for Grand Rapids HS Summit : RHP Joe Metcalf
Batting: RHB Cole Gray 0-0: Called Strike
0-1: Called Strike
0-2: SINGLE (Groundball, 6MD)
Batting: RHB Travis Kramer 0-0: Ball
1-0: Ball
2-0: Ball
3-0: Called Strike
3-1: Grounds into double play, 6-4-3 (Groundball, 6D)
Batting: RHB John Warren 0-0: Ball
1-0: Called Strike
1-1: Ball
2-1: Foul Ball, location: 2F
2-2: Fly out, F7 (Flyball, 7S)
Bottom of the 8th over - 0 runs, 1 hit, 0 errors, 0 left on base; Grand Rapids HS 7 - Brookline HS 5
TOP OF THE 9TH
Grand Rapids HS Summit batting - Pitching for Brookline HS Warriors : RHP Don Hayes
Batting: RHB Rob Walker 0-0: Called Strike
0-1: Foul Ball, location: 2F
0-2: Foul Ball, location: 2F
0-2: Ball
1-2: Foul Ball, location: 2F
1-2: SOLO HOME RUN (Flyball, 7LD), Distance : 350 ft
Batting: RHB Ted Morgan 0-0: Ball
1-0: Ball
2-0: Reached on error, E5 (Groundball, 25)
Batting: RHB José González 0-0: Reached on error, E1 (Groundball, 13S)
Ted Morgan to third
Batting: LHB Martin Greene 0-0: Called Strike
0-1: Ball
1-1: Ball
2-1: Ball
3-1: Called Strike
3-2: Base on Balls
Pitching: LHP Robert Smith
Batting: LHB Fernando Ávila 0-0: Called Strike
0-1: Swinging Strike
0-2: Ball
1-2: Strikes out swinging
Batting: RHB Julián Maez 0-0: Foul Ball, location: 2F
0-1: Ball
1-1: SINGLE (Groundball, 6M) (infield hit)
Ted Morgan scores
José González to third
Martin Greene to second
Batting: RHB Tyler Long 0-0: Swinging Strike
0-1: Ball
1-1: Ball
2-1: Foul Ball, location: 2F
2-2: Ball
3-2: Strikes out swinging
Batting: RHB Harry Wade 0-0: Called Strike
0-1: Ball
1-1: Foul Ball, location: 2F
1-2: Foul Ball, location: 2F
1-2: Foul Ball, location: 2F
1-2: Ball
2-2: Foul Ball, location: 2F
2-2: Strikes out swinging
Top of the 9th over - 2 runs, 2 hits, 2 errors, 3 left on base; Grand Rapids HS 9 - Brookline HS 5
BOTTOM OF THE 9TH
Brookline HS Warriors batting - Pitching for Grand Rapids HS Summit : RHP Joe Metcalf
Batting: RHB Raúl Rivera 0-0: Ball
1-0: Ball
2-0: Fly out, F9 (Flyball, 89D)
Batting: RHB León Colón 0-0: Ball
1-0: Single, Error in OF, E8, batter to second base
Batting: RHB Bobby Donahue 0-0: Fly out, F7 (Flyball, 7)
Batting: RHB Gilbert Bentley 0-0: Called Strike
0-1: Ball
1-1: Ground out U3 (Groundball, 3)
Bottom of the 9th over - 0 runs, 1 hit, 1 error, 1 left on base; Grand Rapids HS 9 - Brookline HS 5
Saturday, December 16th, 2017 - OOTP Baseball 18.8 Build 76